 Dungeon Crawl Stone Soup version 0.26-b1-32-g5d43845318 (webtiles) character file.

Game seed: 8459468876905509639

2010 Borgoz the Skirmisher (level 9, -3/78 HPs)
             Began as a Ghoul Gladiator on Jan 13, 2021.
             Was a Follower of Ashenzari.
             Slain by a gnoll sergeant
             ... wielding a +2 vorpal spear
              (9 damage)
             ... on level 6 of the Dungeon.
             The game lasted 00:09:08 (7055 turns).

Borgoz the Skirmisher (Ghoul Gladiator)             Turns: 7055, Time: 00:09:08

Health: -3/78      AC:  7    Str: 18    XL:     9   Next: 22%
Magic:  8/8        EV: 15    Int:  3    God:    Ashenzari [*.....]
Gold:   263        SH:  5    Dex: 13    Spells: 8/8 levels left

rFire    . . .     SeeInvis .   a - +0 long sword
rCold    + . .     Faith    .   (no shield)
rNeg     + + +     Spirit   .   b - +0 leather armour
rPois    ∞         Reflect  +   c - +0 helmet
rElec    .         Harm     .   m - +1 cloak
rCorr    .         Rampage  .   (no gloves)
Will     .....                  (no boots)
Stlth    +.........             p - amulet of reflection
HPRegen  0.00/turn              (no ring)
MPRegen  0.11/turn              (no ring)

@: mighty
A: claws 1, cold resistance 1, negative energy resistance 3, inhibited
regeneration, torment resistance, unbreathing
a: Renounce Religion, Curse Item, Scrying


You were on level 6 of the Dungeon.
You worshipped Ashenzari.
Ashenzari was aware of your devotion.
You visited 1 branch of the dungeon, and saw 6 of its levels.

You collected 263 gold pieces.

Inventory:

Hand Weapons
 a - a +0 long sword (weapon)
Armour
 b - a +0 leather armour (worn)
 c - a +0 helmet (worn)
 m - a +1 cloak (worn)
Jewellery
 f - an uncursed ring of fire
 p - an amulet of reflection (around neck)
Scrolls
 g - a scroll of fog
 k - 3 scrolls of enchant armour
 l - 2 scrolls of magic mapping
 o - 3 scrolls of teleportation
 q - 4 scrolls of remove curse
Potions
 d - a potion of flight
 h - a potion of magic
 j - 2 potions of cancellation
 r - a potion of resistance
 t - 2 potions of brilliance


   Skills:
 + Level 6.8 Fighting
 + Level 6.0 Long Blades
 - Level 1.7 Throwing
 + Level 5.2 Armour
 + Level 6.0 Dodging


You had 8 spell levels left.
You didn't know any spells.
Your spell library contained the following spells:

 Spells                   Type           Power        Failure   Level
 Foxfire                  Conj/Fire      0%           56%         1
 Conjure Flame            Conj/Fire      0%           91%         3
 Inner Flame              Hex/Fire       0%           91%         3
 Sticky Flame             Conj/Fire      0%           100%        4
 Fireball                 Conj/Fire      0%           100%        5


Dungeon Overview and Level Annotations

Branches:
Dungeon (6/15)
 Temple: D:4-7

Altars:
Ashenzari
Gozag
Okawaru
Qazlal
Trog
Vehumet


Innate Abilities, Weirdness & Mutations

You thrive by killing the living.
You are immune to poison.
You have sharp fingernails.
Your flesh is cold resistant. (rC+)
You are immune to negative energy. (rN+++)
You do not regenerate when monsters are visible.
You are immune to unholy pain and torment.
You can survive without breathing.


Message History

The gnoll sergeant is lightly wounded.
You block the gnoll sergeant's attack.
You barely miss the gnoll sergeant.
The gnoll sergeant is lightly wounded.
The gnoll sergeant closely misses you.
You hit the gnoll sergeant.
The gnoll sergeant is moderately wounded.
The gnoll sergeant closely misses you.
You riposte.
You hit the gnoll sergeant.
The gnoll sergeant is heavily wounded.
You slash the gnoll sergeant!
The gnoll sergeant is severely wounded.
You block the gnoll sergeant's attack.
You hit the gnoll sergeant.
The gnoll sergeant is almost dead.
The gnoll sergeant hits you with a +2 vorpal spear!
* * * LOW HITPOINT WARNING * * *
x2 You barely miss the gnoll sergeant.
The gnoll sergeant is almost dead.
The gnoll sergeant hits you with a +2 vorpal spear!
You die...

#####.#.# #.#.# #
#.#.# #.#.#
#####.#.#####.#.###
..............#..<#
#####.#.####..#####
# #.#....#..#
#.####.#..# #.#
#.#..#####.#
#.####.#....@ggg#
#......#.########
#.####.#.. #.#
#.### ### ###


You could see a gnoll sergeant and 2 gnolls.

Vanquished Creatures
  Maggie (D:6)
  Grinder (D:4)
  Sigmund (D:3)
  Eustachio (D:4)
  Duvessa (D:4)
  The ghost of sanka the Chiller, an amateur SpIE (D:3)
  A phantom (D:4)
  An ogre (D:3)
  A centaur (D:5)
  Dowan (D:4)
  A scorpion (D:6)
  2 hounds (D:5)
  2 orc wizards (D:4)
  An iguana (D:4)
  Natasha (thrice) (D:3)
  7 worker ants
  A hound skeleton (D:4)
  5 gnolls
  A gnoll zombie (D:4)
  7 adders
  An orc zombie (D:4)
  2 white imps (D:5)
  2 worker ant simulacra (D:3)
  2 ufetubi
  A worm (D:3)
  2 dart slugs
  An adder simulacrum (D:3)
  6 leopard geckos
  16 orcs
  A ball python (D:2)
  3 bats
  3 giant cockroaches
  6 goblins
  5 hobgoblins
  11 jackals
  5 kobolds
  4 quokkas
  5 frilled lizards
  A jackal simulacrum (D:3)
  3 rats
120 creatures vanquished.

Vanquished Creatures (others)
  A frilled lizard (D:4)
1 creature vanquished.

Grand Total: 121 creatures vanquished

Notes
Turn   | Place    | Note
-------+----------+-------------------------------------------
     0 | D:1      | Borgoz the Ghoul Gladiator began the quest for the Orb.
     0 | D:1      | Reached XP level 1. HP: 17/17 MP: 0/0
   436 | D:1      | Reached XP level 2. HP: 18/25 MP: 1/1
  1057 | D:2      | Reached skill level 1 in Armour
  1057 | D:2      | Reached XP level 3. HP: 30/30 MP: 2/2
  1302 | D:2      | Found a stormy altar of Qazlal.
  1400 | D:2      | Found a stormy altar of Qazlal.
  1748 | D:2      | Reached XP level 4. HP: 32/37 MP: 3/3
  2138 | D:3      | Found a runed translucent gate.
  2138 | D:3      | Found a runed translucent gate.
  2142 | D:3      | Found a broken altar of Ashenzari.
  2156 | D:3      | Became a worshipper of Ashenzari the Shackled
  2357 | D:3      | Noticed an ogre
  2367 | D:3      | Killed an ogre
  2368 | D:3      | Reached XP level 5. HP: 45/45 MP: 4/4
  2376 | D:3      | Noticed Sigmund
  2390 | D:3      | Killed Sigmund
  2391 | D:3      | Reached XP level 6. HP: 42/52 MP: 5/5
  2458 | D:3      | Found a runed translucent gate.
  2489 | D:3      | Noticed Natasha
  2501 | D:3      | Killed Natasha
  2597 | D:3      | Noticed sanka's ghost (amateur SpIE)
  2769 | D:3      | Noticed Natasha
  2791 | D:3      | Killed Natasha
  3132 | D:3      | Noticed Natasha
  3149 | D:3      | Killed Natasha
  3150 | D:3      | Reached XP level 7. HP: 43/59 MP: 6/6
  3382 | D:3      | Killed sanka's ghost
  3605 | D:4      | Noticed Duvessa
  3605 | D:4      | Noticed Dowan
  3933 | D:5      | Entered Level 5 of the Dungeon
  4016 | D:5      | Found an iron altar of Okawaru.
  4481 | D:5      | Reached skill level 5 in Fighting
  4701 | D:4      | Noticed Eustachio
  4726 | D:4      | Killed Eustachio
  4727 | D:4      | Reached XP level 8. HP: 48/68 MP: 7/7
  4895 | D:4      | Reached skill level 5 in Long Blades
  4895 | D:4      | Reached skill level 5 in Dodging
  5113 | D:4      | Killed Duvessa
  5416 | D:4      | Killed Dowan
  5621 | D:4      | Found a transporter.
  5701 | D:4      | Noticed Grinder
  5727 | D:4      | Killed Grinder
  6184 | D:4      | Found a transporter.
  6190 | D:4      | Reached * piety under Ashenzari
  6303 | D:4      | Found an opulent altar of Gozag.
  6304 | D:4      | Found an iron altar of Okawaru.
  6304 | D:4      | Found a radiant altar of Vehumet.
  6307 | D:4      | Found a bloodstained altar of Trog.
  6546 | D:6      | Noticed Maggie
  6564 | D:6      | Killed Maggie
  6565 | D:6      | Reached skill level 5 in Armour
  6565 | D:6      | Reached XP level 9. HP: 16/78 MP: 8/8
  7055 | D:6      | Slain by a gnoll sergeant

Illustrated notes

Levels and vault maps discovered:
D:1:      dpeg_arrival_renting, layout_basic
D:2:      layout_loops_ring, general_overflow_altar, grunt_qazlal_clouds
D:3:      layout_rooms, lemuel_crystal_altar, gammafunk_ghost_icy, uniq_sigmund,
          uniq_natasha
D:4:      gammafunk_cloud_chamber, layout_loops_ring, minitemple,
          uniq_eustachio, uniq_grinder, uniq_duvessa
D:5:      minmay_inner_zag, layout_basic, basic_altar
D:6:      layout_basic, st_stairs_2, lemuel_flamethrower_2, uniq_maggie

Skill      XL: |  1  2  3  4  5  6  7  8  9 |
---------------+----------------------------+-----
Long Blades    | 3 4 5 6 |  6.0
Armour         | 1 2 3 5 |  5.2
Dodging        | 3 4 5 6 |  6.0
Fighting       | 3 4 5 6 |  6.8
Throwing       | |  1.7

Action                   |  1- 3 |  4- 6 |  7- 9 || total
-------------------------+-------+-------+-------++-------
Melee: Long sword        |    72 |   120 |   350 ||   542
Throw: Throwing net      |     1 |     3 |     1 ||     5
  Use: Scroll            |    10 |       |     7 ||    17
       Potion            |     1 |     4 |     7 ||    12
 Stab: Held in net/web   |       |     1 |       ||     1
       Invisible         |       |       |     1 ||     1
Armor: Leather armour    |    26 |    59 |   104 ||   189
Dodge: Dodged            |    57 |   130 |   307 ||   494
Block: Other             |       |       |    89 ||    89
       Rpst.: Long sword |    17 |    35 |    72 ||   124
